 Dungeon Crawl Stone Soup version 0.29-a0-732-g3d7fbe0af2 (webtiles) character file.

Game seed: 10748996032901811295

546 Mesmaeker13 the Trooper (level 7, -2/61 HPs)
             Began as a Hill Orc Hunter on June 28, 2022.
             Slain by a raiju (8 damage)
             ... on level 1 of the Abyss on June 29, 2022.
             The game lasted 00:06:18 (4943 turns).

Mesmaeker13 the Trooper (Hill Orc Hunter)           Turns: 4943, Time: 00:06:19

Health: -2/61      AC: 10    Str: 14    XL:     7   Next: 28%
Magic:  7/7        EV: 10    Int:  9    God:
Gold:   177        SH:  0    Dex: 16    Spells: 6/6 levels left

rFire   . . .      SeeInvis .   m - +0 lajatang (venom)
rCold   . . .      Faith    .   (shield currently unavailable)
rNeg    . . .      Spirit   .   x - +0 scale mail
rPois   .          Reflect  .   r - +1 helmet
rElec   .          Harm     .   v - +0 cloak
rCorr   .          Rampage  .   (no gloves)
Will    .....                   p - +0 pair of boots
Stlth   ..........              (no amulet)
HPRegen 0.20/turn               (no ring)
MPRegen 0.10/turn               (no ring)

@: no status effects
A: no striking features
a: no special abilities


You were on level 1 of the Abyss.
You visited 1 branch of the dungeon, and saw 5 of its levels.
You visited the Abyss 1 time.

You collected 177 gold pieces.

Inventory:

Hand Weapons
 a - a +0 shortbow
 g - a +0 flail
 m - a +0 lajatang of venom (weapon)
 q - a +2 dagger of holy wrath
Armour
 p - a +0 pair of boots (worn)
 r - a +1 helmet (worn)
 v - a +0 cloak (worn)
 x - a +0 scale mail (worn)
Scrolls
 b - a scroll of immolation
 c - a scroll of noise
 d - a scroll of fear {unknown}
 e - 2 scrolls of fog {unknown}
 i - 3 scrolls of teleportation
 j - a scroll of magic mapping {unknown}
 k - 2 scrolls of blinking {unknown}
 t - a scroll of acquirement {unknown}
 w - a scroll of enchant weapon {unknown}
Potions
 f - a potion of mutation {unknown}
 h - 2 potions of might {unknown}
 l - a potion of heal wounds
 n - a potion of resistance {unknown}
 o - a potion of degeneration {unknown}
 u - a potion of haste


   Skills:
 + Level 5.6 Fighting
 + Level 5.3 Ranged Weapons
 + Level 3.8 Dodging
 - Level 0.9 Stealth


You had 6 spell levels left.
You didn't know any spells.
Your spell library contained the following spells:

 Spells                   Type           Power      Damage    Failure   Level
 Apportation              Tloc           0%         N/A       88%         1
 Necrotize                Necr           0%         1d4       88%         1
 Summon Small Mammal      Summ           0%         N/A       88%         1
 Poisonous Vapours        Pois/Air       0%         N/A       95%         2
 Sublimation of Blood     Necr           0%         N/A       95%         2
 Corpse Rot               Necr/Pois/Air  0%         N/A       100%        4
 Petrify                  Tmut/Erth      0%         N/A       100%        4
 Irradiate                Conj/Tmut      0%         3d13      100%        5


Dungeon Overview and Level Annotations

Branches:
Dungeon (5/15)
 Temple: D:4-7

Altars:
Ashenzari
Cheibriados
Elyvilon
Xom

Shops:
D:2 *

Annotations:
D:2 1 runed translucent door, Crazy Yiuf
D:3 Sigmund


Message History

Deactivating autopickup; reactivate with Ctrl-A.
Something hits you.
You slash something! Something hits you. Space warps around you.
You slash something! You miss something.
You hear some strange, mumbled words.
A magic dart appears from out of thin air!
The magic dart hits you.
You hear some strange, mumbled words.
A puff of flame appears from out of thin air!
The puff of flame hits you.
* * * LOW HITPOINT WARNING * * *
Okay, then.
You feel much better. Something hits you but does no damage.
You are cast into the Abyss!
This branch contains the abyssal rune of Zot.
Reactivating autopickup.
There is an open door here.
A raiju comes into view.
You catch the helpless raiju completely off-guard!
You slash the raiju!
The raiju looks as sick as possible!
The raiju is moderately wounded.
The raiju barely misses you.
You closely miss the raiju.
The raiju is moderately wounded.
The raiju bursts into living lightning!
The living lightning hits you!
The raiju blinks!
The raiju bites you but does no damage.
You closely miss the raiju.
The raiju is heavily wounded.
The raiju bites you. The raiju shocks you!
The raiju bites you but does no damage.
You closely miss the raiju.
The raiju is severely wounded.
The raiju bursts into living lightning!
The living lightning hits you!
* * * LOW HITPOINT WARNING * * *
The raiju blinks!
The raiju attacks as you move away! The raiju bites you!
You die...

..### ...# #
...# .# ..##.#
..#..##
#.....# #. .#
##h##### #
#..@.#...#
#...ยง.#.##.#
#.#.........#
###.##.#####..
.# ###.....#
#.. #.#.#.#.#
#.. ####.##
... ## .#
#...## ##


You could see a raiju (extremely poisoned).

Vanquished Creatures
  A black bear (D:5)
  A centaur (D:5)
  2 hounds (D:4)
  A jelly (D:4)
  Terence (D:3)
  An iguana (D:5)
  An orc wizard (D:3)
  Robin (D:3)
  4 gnolls
  8 adders
  A dart slug (D:4)
  3 orcs
  5 ball pythons
  11 endoplasms
  5 giant cockroaches
  10 goblins
  8 hobgoblins
  4 jackals (D:2)
  4 kobolds
  6 quokkas
  6 frilled lizards
  4 rats
88 creatures vanquished.

Notes
Turn   | Place    | Note
-------+----------+-------------------------------------------
     0 | D:1      | Mesmaeker13 the Hill Orc Hunter began the quest for the
                  | Orb.
     0 | D:1      | Reached XP level 1. HP: 18/18 MP: 1/1
   113 | D:1      | Upgraded the game from 0.29-a0-723-gce39da1c22 to
                  | 0.29-a0-732-g3d7fbe0af2
   424 | D:1      | Reached XP level 2. HP: 25/25 MP: 2/2
   500 | D:1      | Found a faded altar of an unknown god.
   716 | D:1      | Reached XP level 3. HP: 27/31 MP: 3/3
  1417 | D:2      | Found a runed translucent door.
  1418 | D:2      | Noticed Crazy Yiuf
  1752 | D:2      | Reached XP level 4. HP: 36/38 MP: 4/4
  1820 | D:2      | Found Luheari's General Store.
  2155 | D:3      | Noticed Terence
  2162 | D:3      | Killed Terence
  2365 | D:3      | Reached XP level 5. HP: 46/46 MP: 5/5
  2561 | D:3      | Found a snail-covered altar of Cheibriados.
  2561 | D:3      | Noticed Robin
  2590 | D:3      | Killed Robin
  2719 | D:3      | Found a broken altar of Ashenzari.
  3017 | D:3      | Noticed Sigmund
  3496 | D:4      | Found a shimmering altar of Xom.
  3507 | D:4      | Found a white marble altar of Elyvilon.
  3772 | D:4      | Reached XP level 6. HP: 53/53 MP: 6/6
  4149 | D:5      | Entered Level 5 of the Dungeon
  4149 | D:5      | Noticed a black bear
  4264 | D:5      | Reached skill level 5 in Fighting
  4264 | D:5      | Reached skill level 5 in Ranged Weapons
  4505 | D:5      | Killed a black bear
  4506 | D:5      | Reached XP level 7. HP: 59/61 MP: 7/7
  4890 | Abyss:1  | Cast into level 1 of the Abyss (Sigmund)
  4936 | Abyss:1  | Noticed a raiju
  4943 | Abyss:1  | Slain by a raiju

Illustrated notes

Levels and vault maps discovered:
D:1:      minmay_arrival_arboretum_large, layout_loops_corners,
          chequers_ecumenical_altar_twisty
D:2:      layout_basic, serial_shops, nicolae_shop_statue_plus,
          grunt_ministairs_15, uniq_crazy_yiuf_cottage
D:3:      layout_basic, mainiacjoe_overflow_surrounded_room,
          mainiacjoe_overflow_six_doors_small, kennysheep_decorative_pillar,
          uniq_terence, uniq_robin, uniq_sigmund
D:4:      layout_loops_corners, amethyst_overflow_temple_binary
D:5:      layout_rooms, minmay_misc_feat_x, minivault_4, minmay_ogre_servants,
          uniq_menkaure
Abyss:1:  base:
D:3

Skill      XL: |  1  2  3  4  5  6 |
---------------+-------------------+-----
Dodging        | 2 3 |  3.8
Fighting       | 3 4 5 |  5.6
Ranged Weapons | 4 5 |  5.3
Stealth        | |  0.9

Action                   |  1- 3 |  4- 6 |  7- 9 || total
-------------------------+-------+-------+-------++-------
Melee: Unarmed           |     9 |       |       ||     9
       Lajatang          |       |    17 |    32 ||    49
 Fire: Shortbow          |    87 |   142 |    15 ||   244
Throw: Throwing net      |       |     1 |       ||     1
  Use: Scroll            |       |     2 |       ||     2
       Potion            |       |       |     2 ||     2
 Stab: Distracted        |       |       |     1 ||     1
Armor: Ring mail         |     8 |    29 |       ||    37
       Leather armour    |     3 |       |       ||     3
       Scale mail        |       |    27 |    32 ||    59
Dodge: Dodged            |    32 |    77 |    13 ||   122

Table legend: (Time is in decaauts)
 A = Elapsed time spent in this place.
 B = Non-inter-level travel time spent in this place.
 C = Inter-level travel time spent in this place.
 D = Time resting spent in this place.
 E = Time spent auto-exploring this place.
 F = Levels seen in this place.
 G = Mean time per level.
                   A        B        C        D        E       F      G
               +--------+--------+--------+--------+--------+-----+--------+
         Total |   5057 |   4833 |    224 |    660 |   3229 |   6 |  842.8 |
       Dungeon |   5003 |   4779 |    224 |    660 |   3229 |   5 | 1000.6 |
         Abyss |     54 |     54 |      0 |      0 |      0 |   1 |   54.0 |
               +--------+--------+--------+--------+--------+-----+--------+

Top non-repeatable levels by time:
     D:3: 1287 daAuts
     D:4: 1249 daAuts
     D:1: 1243 daAuts
     D:2: 950 daAuts
     D:5: 272 daAuts
 Abyss:1: 54 daAuts
